 Dungeon Crawl Stone Soup version 0.27.1 (webtiles) character file.

Game seed: 6611427599391828168

4 Gwenloh the Sneak (level 1, 0/11 HPs)
             Began as an Octopode Enchanter on Aug 23, 2021.
             Slain by a bat (1 damage)
             ... on level 1 of the Dungeon.
             The game lasted 00:01:02 (37 turns).

Gwenloh the Sneak (Octopode Enchanter)                Turns: 37, Time: 00:01:02

Health: 0/11       AC:  1    Str:  7    XL:     1   Next: 60%
Magic:  2/3        EV: 13    Int: 17    God:
Gold:   0          SH:  0    Dex: 12    Spells: 3/4 levels left

rFire    . . .     SeeInvis .   (no weapon)
rCold    . . .     Faith    .   (no shield)
rNeg     . . .     Spirit   .   (helmet restricted)
rPois    .         Reflect  .   (no amulet)
rElec    .         Harm     .   (no ring)
rCorr    .         Rampage  .   (no ring)
Will     .....                  (no ring)
Stlth    +++.......             (no ring)
HPRegen  0.03/turn              (no ring)
MPRegen  0.08/turn              (no ring)
                                (no ring)
                                (no ring)

@: no status effects
A: almost no armour, amphibious, 8 rings, camouflage 1, gelatinous body 1,
(nimble swimmer 1), tentacles
a: no special abilities


You were on level 1 of the Dungeon.
You visited 1 branch of the dungeon, and saw 1 of its levels.

You aren't carrying anything.


   Skills:
 - Level 1.0 Short Blades
 + Level 2.0 Dodging
 * Level 4.1 Stealth
 * Level 0.3 Unarmed Combat
 + Level 2.0 Spellcasting
 * Level 3.0 Hexes


You had 3 spell levels left.
You knew the following spells:

 Your Spells              Type           Power      Damage    Failure   Level
a - Corona                Hex            13%        N/A       5%          1

Your spell library contained the following spells:

 Spells                   Type           Power      Damage    Failure   Level
 Ensorcelled Hibernation  Hex/Ice        12%        N/A       16%         2
 Confusing Touch          Hex            12%        N/A       16%         3
 Tukima's Dance           Hex            12%        N/A       16%         3
 Dazzling Flash           Conj/Hex       12%        N/A       30%         3


Dungeon Overview and Level Annotations

Branches:
Dungeon (1/15)

Altars:


Innate Abilities, Weirdness & Mutations

You cannot wear most types of armour.
You are amphibious.
You can wear up to eight rings at the same time.
Your skin changes colour to match your surroundings (Stealth+).
Your rubbery body absorbs attacks. (AC +1, EV +1)
((You are camouflaged near water. (Stealth+)))
You have tentacles for arms and can constrict up to eight enemies at once.


Message History

Aim: a giant cockroach (heavily wounded, constricted by you, chance to affect: 66%)
The giant cockroach is outlined in light.
You constrict the giant cockroach.
You kill the giant cockroach!
The bat barely misses you.
Casting: Corona (safe; 5% risk of failure)
Confirm with . or Enter, or press ? or * to list all spells.
Aiming: Corona (safe; 5% risk of failure)
Press: ? - help, Shift-Dir - straight line, f - bat
Aim: a bat (chance to affect: 66%)
The bat is outlined in light.
The bat closely misses you.
You tentacle-slap the bat. Your grab misses the bat.
Your squeeze misses the bat.
The bat is moderately wounded.
The bat closely misses you. x2
You closely miss the bat. You grab the bat.
The bat is moderately wounded.
You constrict the bat. The bat barely misses you.
The bat struggles to escape constriction.
You tentacle-slap the bat but do no damage.
You squeeze the bat, but do no damage.
The bat is moderately wounded.
You constrict the bat. The bat hits you.
* * * LOW HITPOINT WARNING * * *
The bat barely misses you.
The bat escapes!
The bat closely misses you.
A bat is nearby!
The bat misses you. The bat barely misses you. The bat barely misses you.
You miss the bat. You grab the bat.
The bat is moderately wounded.
You constrict the bat. The bat hits you.
* * * LOW HITPOINT WARNING * * *
The bat closely misses you.
You closely miss the bat.
The bat is heavily wounded.
You constrict the bat, but do no damage.
The bat hits you.
You die...

## .. #.## #.
#...
#.######...##
..###....
......
........#
#...### #@#
#.....###
#b###........
#..........#
#...#......#
#.>.#......#
#...#.(......
#.#.#........
#...#.#.##.#.
#.#.#.#.# .#


You could see a bat.

Vanquished Creatures
  A dart slug (D:1)
  A giant cockroach (D:1)
2 creatures vanquished.

Notes
Turn   | Place    | Note
-------+----------+-------------------------------------------
     0 | D:1      | Gwenloh the Octopode Enchanter began the quest for the Orb.
     0 | D:1      | Reached XP level 1. HP: 11/11 MP: 3/3
    37 | D:1      | Slain by a bat

Illustrated notes

Levels and vault maps discovered:
D:1:      lemuel_arrival_hallway, layout_basic

Action                   || total
-------------------------++-------
Melee: Unarmed           ||    14
       Constrict         ||     4
       Tentacles         ||     4
 Cast: Corona            ||     2
Dodge: Dodged            ||    19
